 Dungeon Crawl Stone Soup version 0.21-a0-531-gacddea6 (webtiles) character file.

14 Gerstahl the Slasher (level 2, 27/27 HPs)
             Began as a Naga Gladiator on Dec 12, 2017.
             Quit the game on level 1 of the Dungeon.
             The game lasted 00:00:34 (918 turns).

Gerstahl the Slasher (Naga Gladiator)                Turns: 918, Time: 00:00:35

Health: 27/27      AC:  3    Str: 16    XL:     2   Next: 41%
Magic:  2/2        EV: 10    Int:  8    God:
Gold:   36         SH:  0    Dex: 12    Spells: 1/1 levels left

rFire    . . .     SeeInvis +   a - +0 long sword
rCold    . . .     Gourm    .   (no shield)
rNeg     . . .     Faith    .   b - +0 leather armour
rPois    +         Spirit   .   c - +0 helmet
rElec    .         Reflect  .   (no cloak)
rCorr    .         Harm     .   (no gloves)
MR       .....                  (no barding)
Stlth    +.........             (no amulet)
HPRegen  0.09/turn              (no ring)
MPRegen  0.08/turn              (no ring)

@: very slow
A: large, see invisible, deformed body, poison resistance, slowness 2, slow
metabolism 1, spit poison 1, AC +0
a: Spit Poison


You were on level 1 of the Dungeon.
You were not hungry.

You visited 1 branch of the dungeon, and saw 1 of its levels.

You collected 36 gold pieces.

Inventory:

Hand Weapons
 a - a +0 long sword (weapon)
Missiles
 d - 2 throwing nets (quivered)
Armour
 b - a +0 leather armour (worn)
 c - a +0 helmet (worn)
 l - a +0 cloak
Jewellery
 j - an uncursed ring of fire {unknown}
 k - an uncursed amulet of faith {unknown}
Scrolls
 h - 2 scrolls of amnesia {unknown}
 i - a scroll of blinking {unknown}
Potions
 e - a potion of heal wounds {unknown}
Comestibles
 f - a bread ration
 g - a royal jelly


   Skills:
 + Level 2.5 Fighting
 + Level 3.4 Long Blades
 - Level 1.7 Throwing
 - Level 2.4 Dodging


You had one spell level left.
You didn't know any spells.

Dungeon Overview and Level Annotations

Branches:
Dungeon (1/15)

Altars:


Innate Abilities, Weirdness & Mutations

You cannot wear boots.
Your serpentine skin is tough. (AC +0)
You have supernaturally acute eyesight. (SInv)
Armour fits poorly on your strangely shaped body.
Your system is resistant to poisons. (rPois)
You cover ground very slowly.
You have a slow metabolism.
You can spit poison.


Message History

The giant cockroach is severely wounded.
A giant cockroach is nearby!
You hit the giant cockroach.
You kill the giant cockroach!
You see here a giant cockroach corpse.
Found a cloak.
No target in view!
You see here a giant cockroach corpse.
Done exploring.
No target in view!
Done exploring.
No target in view!
Done exploring.
No target in view!
Done exploring.
No target in view!
Done exploring.
You see here a cloak.
l - a cloak Are you sure you want to abandon this character and quit the game? (Confirm with "yes".)

###########
#.........######################
#.#######.#.....@....#.........#
..# #.#.########.#.#######.#
#########.#.# #.#.# ##.##
..........#.########.#.######...#
########..#†##..............#...#
####......#.##.####.#.#.###......
......##.##.##.#...###..# #####.#
####..##.##.##.#.##.#.### #.# #
#..##.##.##.#.###.## #.#


There were no monsters in sight!

Vanquished Creatures
  An ooze (D:1)
  A leopard gecko (D:1)
  3 bats (D:1)
  A giant cockroach (D:1)
  A goblin (D:1)
  A frilled lizard (D:1)
8 creatures vanquished.

Notes
Turn   | Place    | Note
-------+----------+-------------------------------------------
     0 | D:1      | Gerstahl the Naga Gladiator began the quest for the Orb.
     0 | D:1      | Reached XP level 1. HP: 19/19 MP: 1/1
   486 | D:1      | Reached XP level 2. HP: 24/27 MP: 2/2
   918 | D:1      | Quit the game

Vault maps used:
D:1:      minmay_arrival_radiant_lines

Action                   || total
-------------------------++-------
Melee: Long sword        ||    30
Throw: Throwing net      ||     1
 Abil: Spit Poison       ||     1
Armor: Leather armour    ||    16
Dodge: Dodged            ||    32
       Rpst.: Long sword ||     8

Table legend:
 A = Spawn XP
 B = Non-spawn XP
 C = Spawn XP percentage of total XP
 D = Spawn monster count
 E = Non-spawn monster count
 F = Spawn count percentage of total count
 G = Total turns spent on level
                    A         B        C        D         E        F      G
               +---------+---------+-------+---------+---------+-------+---------
         Total |       0 |      20 |   0.0 |       0 |       8 |   0.0 |   918
               +---------+---------+-------+---------+---------+-------+---------
           D:1 |       0 |      20 |   0.0 |       0 |       8 |   0.0 |   918
               +---------+---------+-------+---------+---------+-------+---------
